 Dungeon Crawl Stone Soup version 0.29.0-11-gd7f09526c8 (console) character file.

Game seed: 17548011548255406286

58 erker the Shield-Bearer (level 3, -1/33 HPs)
             Began as a Minotaur Fighter on Sept 4, 2022.
             Slain by a gnoll bouda
             ... wielding a +0 club
              (8 damage)
             ... on level 2 of the Dungeon.
             The game lasted 00:02:38 (1254 turns).

erker the Shield-Bearer (Minotaur Fighter)          Turns: 1254, Time: 00:02:38

Health: -1/33      AC:  7    Str: 22    XL:     3   Next: 75%
Magic:  2/2        EV:  9    Int:  5    God:
Gold:   103        SH:  4    Dex:  9    Spells: 2/2 levels left

rFire   + . .      SeeInvis .   a - +0 war axe
rCold   + . .      Faith    .   c - +0 buckler
rNeg    . . .      Spirit   .   b - +0 scale mail
rPois   .          Reflect  .   (helmet restricted)
rElec   .          Harm     .   g - scarf {rC+ rF+}
rCorr   .          Rampage  .   (no gloves)
Will    .....                   (no boots)
Stlth   ..........              (no amulet)
HPRegen 0.11/turn               (no ring)
MPRegen 0.08/turn               (no ring)

@: no status effects
A: horns 2, retaliatory headbutt
a: no special abilities


You were on level 2 of the Dungeon.
You visited 1 branch of the dungeon, and saw 2 of its levels.

You collected 103 gold pieces.

Inventory:

Hand Weapons
 a - a +0 war axe (weapon)
Armour
 b - a +0 scale mail (worn)
 c - a +0 buckler (worn)
 g - a scarf of resistance (worn)
Jewellery
 e - a ring of wizardry
Scrolls
 f - a scroll of enchant weapon {unknown}
 j - a scroll of fear {unknown}
 l - 2 scrolls of brand weapon {unknown}
 m - a scroll of vulnerability {unknown}
Potions
 d - 3 potions of might
 h - a potion of invisibility {unknown}
 i - 2 potions of haste {unknown}
 k - a potion of heal wounds {unknown}
 n - a potion of curing {unknown}


   Skills:
 + Level 4.1 Fighting
 + Level 3.1 Axes
 + Level 4.1 Armour
 + Level 1.3 Dodging
 + Level 4.1 Shields


You had 2 spell levels left.
You didn't know any spells.
Your spell library contained the following spells:

 Spells                   Type           Power      Damage    Failure   Level
 Sandblast                Erth           0%         2d4       87%         1
 Passwall                 Tmut/Erth      0%         N/A       95%         2
 Stone Arrow              Conj/Erth      0%         3d7       99%         3


Dungeon Overview and Level Annotations

Branches:
Dungeon (2/15)

Altars:
Elyvilon


Innate Abilities, Weirdness & Mutations

You have a pair of horns on your head.
You reflexively headbutt those who attack you in melee.


Message History

The gnoll hits you but does no damage. The gnoll attacks as you move away!
The gnoll closely misses you. The gnoll hits you but does no damage.
The gnoll attacks as you move away! The gnoll barely misses you.
You furiously retaliate!
You headbutt the gnoll! The gnoll completely misses you.
You furiously retaliate!
You headbutt the gnoll.
You kill the gnoll!
Press: ? - help, v - describe, . - travel A dispersal trap.
A kobold comes into view. It is wielding a +0 club.
The kobold shouts!
You slash the kobold!
You kill the kobold!
n - a glowing yellow potion You see here a +0 club.
Press: ? - help, v - describe, . - travel The floor.
The gnoll bouda barks out a call to the hunt!
The gnoll picks up the pace!
You see here a +0 club.
You hit the gnoll bouda.
The gnoll bouda is almost dead.
You closely miss the gnoll bouda.
The gnoll bouda is almost dead.
The gnoll bouda completely misses you. The gnoll hits you with a +0 club.
You block the gnoll bouda's attack.
You barely miss the gnoll bouda.
The gnoll bouda is almost dead.
You barely miss the gnoll. The gnoll completely misses you.
The gnoll hits you but does no damage.
The gnoll bouda hits you with a +0 club.
The gnoll hits you with a +0 club.
* * * LOW HITPOINT WARNING * * *
You block the gnoll's attack.
You closely miss the gnoll bouda.
The gnoll bouda is almost dead.
You barely miss the gnoll.
The gnoll bouda hits you with a +0 club!
You die...

#.........g#######g
#..#.......# #.
##...##.##.## #.
#.....#.##.# ##
##....#.##.### ####
#....#......# #...
#...........# #.##
####g.........#
#.#.
#.gg@.._......#
#.#g
#.###.........#
#.#. #.#
#.....###### #...
#.#
########.).#####.
#.###### ##.###.##
#. ##......###.##
##.###.
##........#.##
##.##g
##.....##^.#.#
#....
#..........g.##
##.###


You could see a gnoll bouda and 2 gnolls.

Vanquished Creatures
  A gnoll (D:2)
  2 worms (D:2)
  A dart slug (D:2)
  3 ball pythons
  4 endoplasms
  3 giant cockroaches (D:2)
  5 goblins
  5 hobgoblins
  3 kobolds
  A quokka (D:1)
  4 bats
  3 rats (D:1)
35 creatures vanquished.

Notes
Turn   | Place    | Note
-------+----------+-------------------------------------------
     0 | D:1      | erker the Minotaur Fighter began the quest for the Orb.
     0 | D:1      | Reached XP level 1. HP: 19/19 MP: 0/0
   157 | D:1      | Reached XP level 2. HP: 24/27 MP: 1/1
   762 | D:2      | Reached skill level 1 in Dodging
   835 | D:2      | Reached XP level 3. HP: 25/33 MP: 2/2
  1105 | D:2      | Found a white marble altar of Elyvilon.
  1254 | D:2      | Slain by a gnoll bouda

Illustrated notes

Levels and vault maps discovered:
D:1:      lightli_iron_boxes, layout_loops_ring, minmay_splitting_lines
D:2:      layout_loops_cross, basic_altar, minmay_hexomino_c4, uniq_robin

Skill      XL: |  1  2  3 |
---------------+----------+-----
Dodging        | 1 |  1.3
Shields        | 4 |  4.1
Fighting       | 4 |  4.1
Armour         | 4 |  4.1
Axes           | 3 |  3.1

Action                   || total
-------------------------++-------
Melee: War axe           ||    73
       Headbutt          ||    13
Armor: Scale mail        ||    40
Dodge: Dodged            ||    34
Block: Buckler           ||    14
